 Dungeon Crawl Stone Soup version 0.17-a0-1793-gcbb3aa1 (webtiles) character file.

202 Pajeet the Cutter (level 6, -6/35 HPs)
             Began as a Kobold Assassin on Sept 10, 2015.
             Mangled by Ebilmort's ghost (11 damage)
             ... on level 3 of the Dungeon.
             The game lasted 00:14:05 (5060 turns).

Pajeet the Cutter (Kobold Assassin)                 Turns: 5060, Time: 00:14:06

Health: -6/35      AC:  5    Str:  9    XL:     6   Next: 8%
Magic:  6/6        EV: 14    Int:  9    God:
Gold:   232        SH:  0    Dex: 20    Spells: 0 memorised, 5 levels left

rFire  . . .     SeeInvis .     o - +0 short sword (venom)
rCold  . . .     Clarity  .     i - +0 leather armour
rNeg   . . .     SustAt   .     (shield restricted)
rPois  .         Gourm    .     p - +0 helmet (curse)
rElec  .         Spirit   .     d - +0 cloak
rCorr  .         Warding  .     (no gloves)
rMut   .         Rnd*Tele +     (no boots)
MR     .....                    (no amulet)
Stlth  +++.......               j - ring of loudness (curse)
                                l - ring of teleportation (curse)

@: very slightly contaminated, invisible, not resistant to hostile enchantments,
fairly stealthy
A: carnivore 3
a: Evoke Teleportation


You were on level 3 of the Dungeon.
You were very full.

You visited 1 branch of the dungeon, and saw 3 of its levels.

You collected 232 gold pieces.

Inventory:

Hand weapons
 a - a +3 dagger
 b - a +0 blowgun
 o - a +0 short sword of venom (weapon)
Missiles
 e - 7 poisoned needles
 f - 2 curare-tipped needles
Armour
 d - a +0 cloak (worn)
 i - a +0 leather armour (worn)
 p - a cursed +0 helmet (worn)
Jewellery
 j - a cursed ring of loudness (right hand)
 k - a +5 ring of evasion {unknown}
 l - a cursed ring of teleportation (left hand)
 m - an uncursed ring of stealth {unknown}
Scrolls
 n - 3 scrolls of teleportation
Potions
 c - a potion of agility {unknown}
 h - 2 potions of curing
Comestibles
 g - 4 meat rations
 q - a royal jelly


   Skills:
 - Level 2.1 Fighting
 - Level 7.1 Short Blades
 - Level 2.6 Throwing
 - Level 1.2 Dodging
 + Level 6.2 Stealth


You had 5 spell levels left.
You didn't know any spells.

Dungeon Overview and Level Annotations

Branches:
Dungeon (3/15)

Altars:

Annotations:
D:3 Ebilmort's ghost, average HuCK


Innate Abilities, Weirdness & Mutations

You are small and have problems with some larger weapons.
You are carnivorous and can eat meat at any time.


Message History

Ebilmort's ghost is moderately damaged.
You hit Ebilmort's ghost but do no damage.
Ebilmort's ghost is moderately damaged.
Ebilmort's ghost hits you.
You hit Ebilmort's ghost but do no damage.
Ebilmort's ghost is moderately damaged.
Ebilmort's ghost hits you. Ebilmort's ghost burns you.
You catch the helpless Ebilmort's ghost completely off-guard!
You puncture Ebilmort's ghost!
Ebilmort's ghost is severely damaged.
You miss Ebilmort's ghost.
Ebilmort's ghost is severely damaged.
Ebilmort's ghost closely misses you.
You catch the helpless Ebilmort's ghost completely off-guard!
You puncture Ebilmort's ghost!
Ebilmort's ghost is almost destroyed.
Ebilmort's ghost hits you!
* * * LOW HITPOINT WARNING * * *
You are electrocuted!
You die...

### ##### ### ###.#
####.#.########.# ....#
#......#........# ###.#
#....#.#.######.#
#.##########.#...#....#.#
#..........#...#......#.###
##########.###.#.#........#
###### #.......#.######..##
#....# #.....#@..........###
#.##.# #.....#W#.####(.....#
#....# #...).#.#....#.#..#.#
#....#####.#.#.####.#.#.##.#
###............#......#.#.#
.#
.##.####...###........#†#.#
W#
....#......'........#.#>#W#
..
.####.##...######..##.#.#..
.#
.####W#.....).........#.###
##


You could see Ebilmort's ghost.

Vanquished Creatures
  Jessica (D:3)
  Robin (D:3)
  7 adders
  An ooze (D:1)
  A worm (D:2)
  7 giant geckos
  2 orcs (D:3)
  4 ball pythons
  8 hobgoblins
  7 jackals
  2 quokkas (D:2)
  13 bats
  3 giant cockroaches
  6 giant newts
  13 goblins
  8 kobolds
  9 rats
93 creatures vanquished.

Notes
Turn   | Place    | Note
--------------------------------------------------------------
     0 | D:1      | Pajeet the Kobold Assassin began the quest for the Orb.
     0 | D:1      | Reached XP level 1. HP: 12/12 MP: 1/1
   113 | D:1      | Reached XP level 2. HP: 12/17 MP: 2/2
   811 | D:1      | Reached XP level 3. HP: 21/21 MP: 3/3
  1396 | D:2      | Reached skill level 5 in Short Blades
  1902 | D:2      | Reached XP level 4. HP: 11/26 MP: 4/4
  2667 | D:2      | Reached skill level 6 in Short Blades
  3451 | D:3      | Reached XP level 5. HP: 27/30 MP: 5/5
  3570 | D:3      | Noticed Ebilmort's ghost (average HuCK)
  4158 | D:3      | Noticed Jessica
  4173 | D:3      | Killed Jessica
  4173 | D:3      | Reached skill level 7 in Short Blades
  4343 | D:3      | Noticed Robin
  4389 | D:3      | Killed Robin
  4506 | D:3      | Reached XP level 6. HP: 23/35 MP: 6/6
  5060 | D:3      | Mangled by Ebilmort's ghost

Vault maps used:
D:1:      elethiomel_arrival_shortcut, minmay_rat_gold_closets
D:2:      first_bread
D:3:      minmay_door_path, uniq_crazy_yiuf_cottage, uniq_robin, uniq_jessica

Action                   |  1- 3 |  4- 6 || total
-------------------------+-------+-------++-------
Melee: Dagger            |    89 |   151 ||   240
       Short sword       |       |    29 ||    29
 Fire: Blowgun           |       |     2 ||     2
  Use: Scroll            |     3 |     1 ||     4
       Potion            |       |     4 ||     4
 Stab: Sleeping          |    11 |    14 ||    25
       Distracted        |     1 |       ||     1
       Invisible         |       |     3 ||     3
  Eat: Chunk             |    10 |    10 ||    20
